[Event "81st Georgian Women-ch 2024"]
[Site "Tbilisi"]
[Date "2024.02.09"]
[Round "1.1"]
[White "Mgeladze, Kesaria"]
[Black "Melia, Salome"]
[Result "1-0"]
[ECO "B36"]
[WhiteElo "2038"]
[BlackElo "2355"]
[Annotator "RC"]
[PlyCount "103"]
[EventDate "2024.02.09"]
[EventCountry "GEO"]
[SourceTitle "playchess.com"]
[Source "ChessBase"]
[SourceQuality "1"]
[TimeControl "5400+30"]

1. e4 c5 2. Nf3 Nc6 3. d4 cxd4 4. Nxd4 g6 5. c4 Nf6 6. Nc3 Nxd4 7. Qxd4 d6 8. Be3 Bg7 9. Be2 O-O 10. Qd3 Be6 11. O-O Qa5 12. Bd2 Rfc8 13. b3 Nd7 14. Rac1 Nc5 15. Qe3 Bxc3 16. Bxc3 Qxa2 17. Ra1 Qxb3 18. Rfb1 Qc2 19. f3 Na4 20. Bd4 Bxc4 21. Bd1 Qd3 22. Bxa4 e5 23. Qxd3 Bxd3 24. Rd1 Bc4 25. Be3 b5 26. Bc2 a5 27. Bd3 b4 28. Bxc4 Rxc4 29. Ra4 Ra6 30. Rda1 Rc2 31. Rxb4 axb4 32. Rxa6 b3 33. Rxd6 b2 34. Rd1 f6 35. h4 h5 36. Kh2 Kf7 37. Rd7+ Ke6 38. Rb7 Kd6 39. Bh6 Kc6 40. Rb8 Kc7 41. Rb3 f5 42. Bg7 Kd6 43. Bf8+ Kd7 44. exf5 gxf5 45. Ba3 e4 46. fxe4 fxe4 47. Bxb2 Kd6 48. Bf6 Ke6 49. Rb6+ Kf5 50. Bd4 Rc4 51. Rf6+ Kg4 52. Be3 1-0

[Event "81st Georgian Women-ch 2024"]
[Site "Tbilisi"]
[Date "2024.02.09"]
[Round "1.2"]
[White "Donghvani, Nia"]
[Black "Arabidze, Meri"]
[Result "0-1"]
[ECO "C79"]
[WhiteElo "2036"]
[BlackElo "2466"]
[Annotator "TA"]
[PlyCount "97"]
[EventDate "2024.02.09"]
[EventCountry "GEO"]
[SourceTitle "playchess.com"]
[Source "ChessBase"]
[SourceQuality "1"]
[TimeControl "5400+30"]

1. e4 e5 2. Nf3 Nc6 3. Bb5 a6 4. Ba4 Nf6 5. O-O d6 6. Re1 Bd7 7. c3 g6 8. d4 Bg7 9. Nbd2 {[%emt 0:04:03] 9.h3 gains popularity. C79: Ruy Lopez: Steinitz-type lines with 3...a6 4 Ba4 Nf6 5 0-0 d6.} Nh5 10. Nf1 O-O 11. Bb3 Bg4 12. d5 Ne7 13. h3 Bd7 14. N3h2 $146 ({Predecessor:} 14. g4 Nf4 15. Bxf4 exf4 16. Qd2 Kh8 17. Qxf4 f5 18. gxf5 gxf5 19. e5 Ng6 20. Qd2 dxe5 21. d6 Bc6 22. dxc7 Qf6 23. N1h2 Nf4 24. Rad1 Qg6+ {0-1 Fecker,N (2328)-Jones,G (2671) Titled Tuesday intern op 22nd Feb Early blitz 2022 (5)}) 14... Kh8 15. Bc2 Qe8 16. c4 f5 17. a4 a5 18. Ra3 Qf7 19. Rf3 Nf6 20. g4 fxe4 21. Bxe4 {[%emt 0:00:29] Strongly threatening g5.} Qg8 22. Bc2 c6 23. dxc6 (23. Bb3 $15) 23... Bxc6 (23... Nxc6 {simplifies} 24. Rd3 Nd4 25. Be3 Qxc4 26. Bxd4 exd4 27. Rxd4 Qc5) 24. Rd3 (24. Rc3 $17) 24... Qxc4 $19 25. Rxd6 Nfd5 {[%emt 0:03:02] White must now prevent ...Qc5.} 26. Qe2 {[%emt 0:05:13] [#]} (26. Ng3 $142) 26... Nf4 (26... Qc5 $1 $19 {is more deadly.} 27. Re6 Nf4 28. Bxf4 Rxf4) 27. Bxf4 $17 Qxf4 28. Ne3 e4 (28... Bxa4 29. Bxa4 Qxa4 30. Qc4 Qxc4 31. Nxc4 $17) 29. Re6 Nd5 30. Ng2 (30. Bxe4 $142 Nc7 31. Rxc6 (31. Ng2 $2 Qf7 $19) 31... bxc6 32. Bxc6) 30... Qf7 $19 31. Rxe4 Bxb2 {[%emt 0:01:03] aiming for ...Nc3.} 32. Bb3 Bg7 33. Qc2 Qf6 (33... Nb4 $2 34. Rxb4 $18) 34. Re6 Qd4 35. Rd1 Qc3 36. Ne3 $2 (36. Re2 {keeps fighting.} Rad8 37. Bxd5 Rxd5 38. Rxd5 Bxd5 39. Qxc3 Bxc3 40. Rc2) 36... Nf4 $19 37. Qxc3 $2 (37. Rxc6 $19 bxc6 (37... Nxh3+ $2 38. Kg2 $19) 38. Qxc3 Nxh3+ (38... Bxc3 $2 39. Nf3 $19) 39. Kg2 Nf4+ (39... Bxc3 40. Kxh3 Rxf2 41. g5 $17) 40. Kh1 Bxc3 41. Nf3) 37... Bxc3 $2 (37... Nxh3+ {mates} 38. Kf1 Rxf2+ (38... Bxc3 $2 39. Nf5 $19) 39. Ke1 Bxc3+ 40. Rd2 Rxd2 (40... Bxd2+ $2 41. Kd1 $19) 41. Rxc6 bxc6 42. Nhf1 Rd4+ 43. Ke2 Rf8 44. Nf5 gxf5 45. g5 Re8+ (45... Nxg5 {is a self mate.} 46. Ng3 Re8+ 47. Kf1 Rd2 48. Bd1 Rxd1+ 49. Kf2 Bd4+ 50. Kg2 Rg1+ 51. Kh2 Re6 52. Nxf5 Re2#) 46. Be6 Rxe6+ 47. Ne3 Rd2+ (47... Nxg5 48. Kf2 Rd2+ 49. Kg1 Rxe3 50. Kf1 Nf7 51. Kg1 Re1#) 48. Kf3 Nxg5+ (48... Rf2+ 49. Kg3 Rxe3+ 50. Kh4 Nf4 51. g6 Bf6#) 49. Kf4 Rf2+ (49... Nh3+ 50. Kxf5 Rxe3 51. Kg4 Rd4+ 52. Kh5 Re5+ 53. Kh6 Rh4#) 50. Kxg5 Rg6+ 51. Kh5 Rh2#) 38. Rxc6 $19 bxc6 ({But not} 38... Nxh3+ 39. Kg2 Nf4+ (39... bxc6 40. Kxh3 Rxf2 41. g5 $17) 40. Kg3 bxc6 41. g5) 39. f3 (39. Nf3 $142) 39... Bd4 $19 40. Nhf1 {[%emt 0:00:00] [#]} Rae8 $1 41. Kf2 (41. Rxd4 Ne2+) 41... Nxh3+ 42. Ke2 Ng1+ 43. Kd3 Bxe3 44. Nxe3 Rxf3 45. Re1 Nh3 {[%emt 0:00:00] Hoping for ...Nf2+.} 46. Kd2 Nf2 {[%emt 0:00:00] ...Ne4+ is the strong threat.} 47. Bc4 Ne4+ 48. Kd3 Nd6 {[%emt 0:00:00] Threatens to win with ...Nxc4.} 49. Kd4 0-1

[Event "81st Georgian Women-ch 2024"]
[Site "Tbilisi"]
[Date "2024.02.09"]
[Round "1.3"]
[White "Khotenashvili, Bella"]
[Black "Javakhishvili, Lela"]
[Result "1/2-1/2"]
[ECO "E04"]
[WhiteElo "2467"]
[BlackElo "2433"]
[Annotator "TA"]
[PlyCount "39"]
[EventDate "2024.02.09"]
[EventCountry "GEO"]
[SourceTitle "playchess.com"]
[Source "ChessBase"]
[SourceQuality "1"]
[TimeControl "5400+30"]

1. d4 Nf6 2. c4 e6 3. Nf3 d5 4. g3 dxc4 5. Bg2 c5 6. O-O Nc6 7. dxc5 Qxd1 8. Rxd1 Bxc5 9. Nbd2 c3 10. bxc3 O-O 11. Nb3 Be7 12. c4 Bd7 13. Nfd4 Rac8 {[%emt 0:03:59][%cal Ba8c8,Bc8c4,Bc4d4,Bd4a4][%mdl 32] The position is equal.} 14. Bb2 b6 15. Nb5 {[%emt 0:04:20][%cal Bd4b5,Bb5a7,Ba7c6][%mdl 32] next Bxf6 is good for White.} Nb4 16. Rdc1 Nc2 17. Nxa7 Rxc4 18. Nd4 Rxd4 19. Rxc2 Ra4 20. Nc6 {[%emt 0:05:57] A rather calm draw.   Weighted Error Value: White=0.02 (flawless) /Black=0.00 (flawless) .  OK:         	White=7     	Black=5      Best:        	---       	Black=1} 1/2-1/2

[Event "81st Georgian Women-ch 2024"]
[Site "Tbilisi"]
[Date "2024.02.09"]
[Round "1.4"]
[White "Batsiashvili, Nino"]
[Black "Lomaia, Diana"]
[Result "1-0"]
[ECO "E21"]
[WhiteElo "2451"]
[BlackElo "2037"]
[Annotator "TA"]
[PlyCount "55"]
[EventDate "2024.02.09"]
[EventCountry "GEO"]
[SourceTitle "playchess.com"]
[Source "ChessBase"]
[SourceQuality "1"]
[TimeControl "5400+30"]

1. d4 Nf6 2. c4 e6 3. Nc3 Bb4 4. Nf3 O-O 5. Bg5 c5 6. Rc1 h6 7. Bh4 cxd4 8. Nxd4 Nc6 {[%emt 0:07:11] The position is equal.} 9. e3 d5 10. cxd5 exd5 11. Be2 Be7 12. O-O Be6 13. Nxe6 fxe6 14. Bd3 Qe8 15. Bb1 Ne5 16. Bg3 Nc4 (16... Nc6 $1 $14) 17. e4 $16 {[%emt 0:01:17] [#] aiming for e5.} Rd8 (17... Nxb2 $2 {perishes.} 18. Qe2 Ba3 19. Nb5 $18) 18. exd5 exd5 19. Qc2 b5 20. a4 a6 21. axb5 axb5 22. Rfe1 Qd7 (22... Qf7 $16 {might work better.} 23. Nxb5 Bb4) 23. Rcd1 $18 {[%emt 0:12:36][%cal Oc3d5] Nxd5! is the strong threat.} Nb6 {[%emt 0:01:28] [#]} 24. Nxb5 Qxb5 25. Rxe7 {[%emt 0:00:01] Intending Qg6 and mate.} Rd7 (25... Rde8 $16 {was worth a try.} 26. Rc7 Rf7 27. Rxf7 Kxf7) 26. Re6 {[%emt 0:04:49] Threatens to win with Be5.} Nc4 (26... Rdf7 27. Be5 Nbd7) 27. Qg6 (27. b3 Na3 28. Qd3 Rb7 29. Qxb5 Rxb5 $16) 27... Rdd8 28. Re7 {[%emt 0:01:48] Weighted Error Value: White=0.09 (flawless) /Black=0.75.  Mistake:       	White=1     	Black=4      Inaccurate:     	---       	Black=3      OK:         	White=11    	Black=5      Best:        	White=3     	---} 1-0

[Event "81st Georgian Women-ch 2024"]
[Site "Tbilisi"]
[Date "2024.02.09"]
[Round "1.5"]
[White "Tsetskhladze, Mariam"]
[Black "Kirtadze, Anastasia"]
[Result "1-0"]
[ECO "B13"]
[WhiteElo "1912"]
[BlackElo "1981"]
[Annotator "NA RC"]
[PlyCount "73"]
[EventDate "2024.02.09"]
[EventCountry "GEO"]
[SourceTitle "playchess.com"]
[Source "ChessBase"]
[SourceQuality "1"]
[TimeControl "5400+30"]

1. e4 c6 2. d4 d5 3. exd5 cxd5 4. Bd3 Nc6 5. c3 g6 6. Nf3 Bg7 7. O-O Qc7 {[%emt 0:03:35] B13: Caro-Kann: Exchange Variation and Panov-Botvinnik Attack.} 8. a4 Nf6 9. Re1 h6 10. b4 g5 11. Ba3 Be6 12. b5 Na5 13. Ne5 Bf8 14. Bb4 Nc4 15. a5 Nxe5 16. dxe5 Nd7 17. b6 Qc8 18. bxa7 Bg7 19. Bb5 Rxa7 (19... O-O $16 20. Bxd7 (20. Bxe7 Nxe5 21. Qa4 Rxa7 $18) 20... Qxd7) 20. Nd2 Kf8 21. Bxd7 Qxd7 22. Nb3 h5 (22... Ra8 $16 23. Nc5 Qc8) 23. Nc5 Qc8 24. Nxe6+ fxe6 25. Qf3+ Ke8 26. Qe3 Ra6 $18 27. Qxg5 Bf8 28. Rad1 Rc6 29. Re3 Rc4 30. h3 Kd7 31. Red3 Rh7 32. Rxd5+ exd5 33. Qf5+ Kc7 34. Qxh7 Qe6 35. Qxh5 Re4 36. Qe8 Rf4 37. Bd6+ 1-0

[Event "81st Georgian Women-ch 2024"]
[Site "Tbilisi"]
[Date "2024.02.10"]
[Round "2.1"]
[White "Melia, Salome"]
[Black "Kirtadze, Anastasia"]
[Result "1-0"]
[ECO "B48"]
[WhiteElo "2355"]
[BlackElo "1981"]
[Annotator "TA"]
[PlyCount "83"]
[EventDate "2024.02.09"]
[EventCountry "GEO"]
[SourceTitle "playchess.com"]
[Source "ChessBase"]
[SourceQuality "1"]
[TimeControl "5400+30"]

1. e4 c5 2. Nf3 e6 3. d4 cxd4 4. Nxd4 Nc6 5. Nc3 Qc7 6. Be3 a6 7. Qf3 b5 8. Nxc6 Qxc6 9. Bd3 {[%emt 0:01:01] White is slightly better.} Bb7 10. O-O Nf6 11. a3 d6 12. Qg3 h5 13. h3 h4 14. Qf3 Be7 15. Qe2 Qc7 16. f4 Nh5 17. Qf2 (17. Qg4 {feels stronger.}) 17... Bc6 18. Rfe1 Rg8 (18... Ng3 $11) 19. f5 $14 g5 20. fxg6 {[%emt 0:14:03] White is more active.} (20. Be2 $14 Nf6 21. e5 dxe5 22. fxe6 fxe6 23. Rad1) 20... Rxg6 $11 21. Qf3 (21. Nd5 $11 Qb7 (21... exd5 22. exd5 Rf6 23. Qxh4 $16) 22. Rad1) 21... Ng3 22. Nd5 Qb7 $1 $15 23. Nxe7 Kxe7 24. Bf4 $2 (24. Bf2 $15) 24... Rag8 $19 25. Rad1 e5 {[%emt 0:01:33] aiming for ...Rf6.} 26. Bd2 $2 {[%emt 0:01:04] [#]} (26. Bxg3 Rxg3 27. Qh5 Rxg2+ (27... Rxh3 $2 28. Rf1 $19) 28. Kh1) 26... f5 $1 27. Bb4 (27. Qf2 fxe4) 27... fxe4 28. Qf2 exd3 29. Rxe5+ Kd8 30. Rxd3 Kc8 $2 (30... Ne4 31. Qf4 Kc8 (31... Rxg2+ $2 32. Kf1 $19) 32. Rxe4 Rxg2+ (32... Bxe4 $2 33. g4 $19) 33. Kf1 Bxe4 34. Rc3+ Kb8) 31. Rxd6 $2 (31. Bxd6 Ne4 (31... Ne2+ $2 32. Kf1 $19) 32. Qf5+ Qd7 33. Re8+ Rxe8 34. Qxg6) 31... Rxd6 32. Bxd6 Qd7 33. Qc5 Rd8 (33... Rg6 $142 34. Rd5 Ne4) 34. Re6 {[%emt 0:01:03] [#]} Rg8 $2 (34... Qxe6 35. Qxc6#) ({Better is} 34... Kb7 $1 $19 35. Qe3 (35. Re7 $2 Qxe7 36. Bxe7 Rd2 $19) 35... Nf5) 35. Re7 $16 {[%emt 0:00:29] Some like it hot} Re8 $2 {[%emt 0:00:27] [#]} 36. Qb6 $1 $40 {[%emt 0:00:31][%csl Gd6][%cal Rb6b8][%mdl 128] White has strong attack.} Ne2+ {[%emt 0:00:33] [#]} (36... Qxd6 $2 {is the wrong capture.} 37. Rxe8+ (37. Qxa6+ {is a self mate.} Kd8 38. Qb6+ Kxe7 39. Kh2 Ne2+ 40. Kh1 Bxg2+ 41. Kxg2 Qxb6 42. Kf1 Kf6 43. Ke1 Qd4 44. Kf1 Qg1#) 37... Bxe8 38. Qxd6 $18) 37. Rxe2 $1 Qb7 38. Rxe8+ Bxe8 39. Qc5+ Kd7 40. Be5 Bf7 41. Qd6+ Kc8 $2 (41... Ke8 $18 42. Bf6 Bg6) 42. Qf8+ {[%emt 0:00:00] Quite a comeback for White.   Weighted Error Value: White=0.90/Black=0.78.  Loses game:     	White=1     	Black=1      Mistake:       	White=5     	Black=2      Inaccurate:     	---       	Black=3      OK:         	White=10    	Black=9      Best:        	White=1     	Black=1      Strong:       	White=1     	Black=1      Brilliant:      	White=1     	Black=1} 1-0

[Event "81st Georgian Women-ch 2024"]
[Site "Tbilisi"]
[Date "2024.02.10"]
[Round "2.2"]
[White "Lomaia, Diana"]
[Black "Tsetskhladze, Mariam"]
[Result "1/2-1/2"]
[ECO "E59"]
[WhiteElo "2037"]
[BlackElo "1912"]
[Annotator "NA RC"]
[PlyCount "109"]
[EventDate "2024.02.09"]
[EventCountry "GEO"]
[SourceTitle "playchess.com"]
[Source "ChessBase"]
[SourceQuality "1"]
[TimeControl "5400+30"]

1. d4 Nf6 2. c4 e6 3. Nc3 Bb4 4. Nf3 O-O 5. e3 d5 6. Bd3 dxc4 7. Bxc4 c5 8. O-O Nc6 9. a3 Bxc3 10. bxc3 Na5 11. Ba2 c4 12. a4 Qc7 13. Ba3 Rd8 14. Ne5 b6 15. Qc2 Bb7 16. f3 Rac8 17. e4 h5 18. Rae1 Nc6 19. f4 Nxd4 20. cxd4 Rxd4 21. Rd1 Bxe4 22. Qc3 Rxd1 23. Rxd1 Nd5 24. Qd4 f5 25. Bxc4 Nxf4 26. Qd6 Bd5 27. Qxc7 Rxc7 28. Rc1 Bxc4 29. Rxc4 Rxc4 30. Nxc4 Ne2+ 31. Kf2 Nc3 32. a5 bxa5 33. Nxa5 Kf7 34. Nc6 Ne4+ 35. Ke3 g5 36. Nxa7 h4 37. Nc6 Kf6 38. Bb2+ Kf7 39. Ne5+ Ke7 40. Ba3+ Kf6 41. Nd7+ Kf7 42. Bb4 Kg6 43. Kf3 Kf7 44. h3 Ng3 45. Ne5+ Kf6 46. Bc3 Ne4 47. Bb2 Ke7 48. Nc4 Kd7 49. Bc1 Ke7 50. Be3 Kf6 51. Bd4+ Ke7 52. Be5 Kd7 53. Bg7 Ke7 54. Be5 Kd7 55. Bg7 1/2-1/2

[Event "81st Georgian Women-ch 2024"]
[Site "Tbilisi"]
[Date "2024.02.10"]
[Round "2.3"]
[White "Javakhishvili, Lela"]
[Black "Batsiashvili, Nino"]
[Result "1-0"]
[ECO "E11"]
[WhiteElo "2433"]
[BlackElo "2451"]
[Annotator "TA"]
[PlyCount "105"]
[EventDate "2024.02.09"]
[EventCountry "GEO"]
[SourceTitle "playchess.com"]
[Source "ChessBase"]
[SourceQuality "1"]
[TimeControl "5400+30"]

1. d4 Nf6 2. c4 e6 3. Nf3 Bb4+ 4. Bd2 Qe7 5. g3 Bxd2+ 6. Qxd2 Nc6 {[%emt 0:00:23] E11: Bogo-Indian.} 7. Nc3 d5 8. cxd5 exd5 9. Bg2 O-O 10. O-O Bf5 11. Nh4 Be6 12. Rac1 Rad8 13. e3 $146 ({Predecessor:} 13. Rfd1 a6 14. Na4 Na7 15. Qc2 Nb5 16. Nf3 Bg4 17. Nc5 c6 18. h3 Bh5 19. a4 {1-0 Camarena Gimenez,R (2329)-Villar Reymundo,J (2198) Alcoy Tabiya 8th 2019 (6)}) 13... g5 14. Nf3 Ne4 15. Qe2 Bg4 16. Qb5 Bxf3 17. Bxf3 Nd2 18. Bxd5 Nxf1 19. Kxf1 Rd6 20. Be4 Rh6 21. Qf5 Re8 22. Bb1 f6 23. Kg1 Qf7 24. Qd5 ({White should try} 24. Ne4 $16) 24... Nd8 $14 (24... Qxd5 25. Nxd5 Rf8 26. Nxc7 $16) 25. b4 Ne6 (25... Qxd5 $11 {remains equal.} 26. Nxd5 c6) 26. Qf3 (26. Qxb7 $142 Qh5 27. Qg2 (27. Qxa7 $2 Qxh2+ 28. Kf1 Qh1+ 29. Ke2 Qxc1 $19)) 26... Kh8 27. a4 Ng7 {[%emt 0:01:53] [#]} (27... c6 $142) 28. Ba2 (28. Nb5 $142 $1) 28... Qg6 29. Qxb7 f5 30. Qf3 (30. Qxa7 Qh5 31. Bd5 (31. Qxc7 $2 Qxh2+ 32. Kf1 Qh1+ 33. Ke2 Qxc1 $19) 31... f4 32. exf4 (32. gxf4 $2 Qg4+ 33. Bg2 gxf4 $19) 32... c6 $19) 30... f4 31. Bb1 (31. exf4 $16 {Strongly threatening Bb1.} Qf5 32. Nb5) 31... Qe6 $1 $14 32. Ne4 (32. gxf4 gxf4 33. Qxf4 Rf6 34. Qxc7 Rxf2 $17) 32... fxe3 (32... Qh3 $14 33. Qg2 (33. Rxc7 $2 Ne6 $19) 33... Qxg2+ 34. Kxg2 fxe3) 33. fxe3 $16 (33. Nxg5 Rf6 34. Qxe3 Qxe3 35. fxe3 Rxe3 $14) (33. Qxe3 $2 Qh3 34. d5 Qxh2+ 35. Kf1 Nf5 $19) 33... Qh3 $2 (33... Qe7 $16 {was necessary.}) 34. Qf2 $18 (34. Nxg5 $2 Qxh2+ 35. Kf1 Qh1+ 36. Qxh1 Rxh1+ 37. Ke2 Rxc1 $19) 34... Ne6 (34... Qf5 $142 35. Qe2 (35. Rxc7 Qxf2+ 36. Nxf2 Rb6 $18) 35... Qf7 (35... Rxe4 $2 36. Rf1 $18)) 35. d5 Rf8 36. Qg2 ({Resist} 36. Qb2+ Ng7 37. Nxg5 Qg4) 36... Qxg2+ 37. Kxg2 Ng7 38. Rxc7 Nf5 39. Rc3 (39. Nxg5 $2 {is a self mate.} Nxe3+ 40. Kh1 Rf1#) 39... Rb6 40. b5 a6 $2 (40... Rg8 41. Kf3 g4+ 42. Kf4 Nd6 43. Nxd6 Rxd6) 41. Nc5 $18 Rd6 42. Ne6 Nxe3+ 43. Rxe3 Rb8 44. Be4 axb5 45. Nxg5 Ra6 46. axb5 Rxb5 47. Re2 Rab6 48. Nxh7 (48. Bxh7 Rxd5 49. Re8+ Kg7 50. Rg8+ Kh6 $18) 48... Kg7 49. h4 Rb3 50. Ng5 Ra3 51. Rf2 Rbb3 52. Ne6+ Kh6 53. Rf6+ 1-0

[Event "81st Georgian Women-ch 2024"]
[Site "Tbilisi"]
[Date "2024.02.10"]
[Round "2.4"]
[White "Arabidze, Meri"]
[Black "Khotenashvili, Bella"]
[Result "1/2-1/2"]
[ECO "D02"]
[WhiteElo "2466"]
[BlackElo "2467"]
[Annotator "TA"]
[PlyCount "44"]
[EventDate "2024.02.09"]
[EventCountry "GEO"]
[SourceTitle "playchess.com"]
[Source "ChessBase"]
[SourceQuality "1"]
[TimeControl "5400+30"]

1. d4 Nf6 2. Nf3 g6 3. Nbd2 d5 4. e3 Bg7 5. b4 a5 6. b5 a4 7. Be2 c5 8. bxc6 bxc6 9. Ba3 O-O 10. O-O Nbd7 11. c4 Re8 12. Rb1 Bf8 13. h3 e6 14. Bxf8 {[%emt 0:02:34] White is slightly better.} Rxf8 15. Qc2 Ba6 16. Rb4 (16. Qxa4 Bxc4 17. Qd1 Bxe2 (17... Rxa2 18. Nxc4 dxc4 19. Bxc4 $11) (17... Bxa2 18. Rb2 $11) 18. Qxe2 Rxa2) 16... c5 17. Rxa4 cxd4 18. Nxd4 e5 19. N4f3 Nc5 20. Ra3 Qe7 21. Nb1 {[%emt 0:00:00] White is more active.} e4 22. Nd4 Nd3 {[%emt 0:00:36] Weighted Error Value: White=0.06 (flawless) /Black=0.03 (flawless) .  Inaccurate:     	White=1     	Black=1      OK:         	White=5     	Black=7} 1/2-1/2

[Event "81st Georgian Women-ch 2024"]
[Site "Tbilisi"]
[Date "2024.02.10"]
[Round "2.5"]
[White "Mgeladze, Kesaria"]
[Black "Donghvani, Nia"]
[Result "1/2-1/2"]
[ECO "B45"]
[WhiteElo "2038"]
[BlackElo "2036"]
[Annotator "NA RC"]
[PlyCount "160"]
[EventDate "2024.02.09"]
[EventCountry "GEO"]
[SourceTitle "playchess.com"]
[Source "ChessBase"]
[SourceQuality "1"]
[TimeControl "5400+30"]

1. e4 c5 2. Nf3 e6 3. d4 cxd4 4. Nxd4 Nf6 5. Nc3 Nc6 6. Nxc6 bxc6 7. e5 Nd5 8. Ne4 Qc7 9. f4 Qb6 10. c4 Bb4+ 11. Ke2 f5 12. Nf2 Ba6 13. Kf3 Ne7 14. Be3 Bc5 15. Bxc5 Qxc5 16. Qd6 Qb6 17. b3 c5 18. Rd1 Bb7+ 19. Ke3 Qxd6 20. exd6 Ng8 21. Be2 Rc8 22. Bh5+ g6 23. Bf3 Bxf3 24. Kxf3 Nh6 25. h4 Nf7 26. Nd3 a5 27. g4 fxg4+ 28. Kxg4 Nxd6 29. Ne5 Ne4 30. Kf3 Nf6 31. Rd6 a4 32. bxa4 Ra8 33. Rb1 Ke7 34. Rd3 Rhb8 35. Rdb3 Rc8 36. Rb7 Rxa4 37. Rd1 Ra3+ 38. Kg2 Rxa2+ 39. Kg1 Rf8 40. Nxd7 Nxd7 41. Rbxd7+ Kf6 42. Rxh7 Rc2 43. Rf1 Rxc4 44. Kg2 Rd8 45. h5 Rd2+ 46. Kg3 Rc3+ 47. Rf3 Rcc2 48. Ra3 Rg2+ 49. Kf3 Rh2 50. hxg6 Kxg6 51. Rxh2 Rxh2 52. Ke4 Kf6 53. Ra6 Rh5 54. Ra7 Rd5 55. Rc7 Kg6 56. Re7 Kf6 57. Rc7 Rd4+ 58. Ke3 Rc4 59. Kd3 Rxf4 60. Rxc5 Rf5 61. Rc8 Ra5 62. Ke4 Ra4+ 63. Ke3 Kf5 64. Rc5+ e5 65. Rc8 Ra3+ 66. Ke2 Kf4 67. Rb8 Ra2+ 68. Ke1 e4 69. Rb3 Rg2 70. Ra3 Rc2 71. Rb3 Ke5 72. Rg3 Kd4 73. Ra3 e3 74. Ra8 Rc5 75. Rd8+ Rd5 76. Rxd5+ Kxd5 77. Ke2 Ke4 78. Ke1 Kd3 79. Kd1 e2+ 80. Ke1 Ke3 1/2-1/2

[Event "81st Georgian Women-ch 2024"]
[Site "Tbilisi"]
[Date "2024.02.11"]
[Round "3.1"]
[White "Donghvani, Nia"]
[Black "Melia, Salome"]
[Result "0-1"]
[ECO "B33"]
[WhiteElo "2036"]
[BlackElo "2355"]
[Annotator "TA"]
[PlyCount "96"]
[EventDate "2024.02.09"]
[EventCountry "GEO"]
[SourceTitle "playchess.com"]
[Source "ChessBase"]
[SourceQuality "1"]
[TimeControl "5400+30"]

1. e4 c5 2. Nf3 Nc6 3. d4 cxd4 4. Nxd4 Nf6 5. Nc3 e5 6. Ndb5 d6 7. Nd5 Nxd5 8. exd5 Nb8 9. a4 Be7 10. Be2 O-O 11. O-O Nd7 12. Bd2 a6 13. Na3 {[%emt 0:00:03] The position is equal.} f5 14. a5 f4 15. Nc4 Rf6 16. f3 Rh6 17. g3 Qe8 18. Rf2 fxg3 (18... Rg6 $5) 19. hxg3 Rh3 20. Rh2 Rxh2 (20... Rxg3+ {keeps more tension.} 21. Kf2 Rg6 22. Bd3 Nf6) 21. Kxh2 Qh5+ 22. Kg1 Nf6 23. Nb6 Rb8 24. Ra4 {[%emt 0:06:19] [#]} (24. Nxc8 $11 {remains equal.} Rxc8 25. Be1) 24... Qg6 (24... Bf5 $1 $17 {Strongly threatening ...Qg6.} 25. Rc4 Qg6) 25. Be1 $1 $15 Bf5 26. Rc4 {[%emt 0:00:25] Black keeps a firm grip on the game.} (26. Bd3 $1 $15) 26... e4 ({Black should try} 26... Re8 27. Kg2 e4 28. fxe4 Bxe4+ 29. Rxe4 Qxe4+ (29... Nxe4 $2 30. Bh5 $18) 30. Bf3 Qf5) 27. Qd4 $2 (27. fxe4 $17 {was called for.} Bxe4 28. Bd3) 27... Re8 $19 28. Bf2 Bd8 29. f4 $2 {[%emt 0:06:55] [#]} (29. Rc3) 29... e3 $1 {[%emt 0:06:12][%mdl 512] ...Ng4 would now be deadly.} 30. Be1 (30. Rc3 exf2+) 30... Nh5 31. Kh2 Qh6 32. Kg1 Qg6 33. Kh2 Bxc2 (33... Nxg3 $142 34. Bxg3 Qh6+ 35. Kg1 Bh4) 34. Nc8 (34. Rxc2 $142 Qxc2 35. Qc4 Qxb2 36. Bc3 (36. Na4 $2 Qb1 $19)) 34... Bf5 35. Qd1 Nf6 36. Nxd6 Ng4+ 37. Kg1 Nf2 (37... Qxd6 38. Bxg4 Bxg4 39. Qxg4 $17) 38. Bxf2 exf2+ (38... Qxd6 39. Be1 $11) 39. Kxf2 Qxd6 40. Qd2 Be4 (40... Bxa5 $142 {( -> ...Qh6)} 41. Qxa5 Qh6) 41. Qe3 {[%emt 0:00:00] [#]} (41. Bh5 $142 Bg6 (41... Qxd5 $2 42. Qxd5+ Bxd5 43. Rd4 $19) 42. Bg4) 41... Qh6 $1 42. Bg4 (42. Rxe4 Qh2+) 42... Qh2+ 43. Ke1 Qh1+ 44. Kf2 Qg2+ ({Stronger than} 44... Bxa5 45. Be6+ Rxe6 46. Rc8+ Kf7 47. dxe6+ Kg6 (47... Kxe6 48. Re8+ Kf7 49. Qxe4 $11) 48. f5+ Kh5 (48... Kxf5 49. Rc5+ Kxe6 50. Rxa5 $14) (48... Bxf5 49. e7 $11) 49. Qe2+ Kg5 50. Qe3+ Kh5 51. Qe2+ Kg5 52. Qe3+ Kh5 $11) 45. Ke1 Qxb2 46. Be6+ {[%emt 0:00:00] [#]} Rxe6 $1 {[%emt 0:00:00] Black mates.} 47. dxe6 (47. Rc8 Bxd5) 47... Bxa5+ 48. Kd1 {[%emt 0:00:00] [#]} Bf3+ $1 {[%emt 0:00:00][%mdl 512] Weighted Error Value: White=0.97/Black=0.74.  Loses game:     	White=1     	---        Mistake:       	White=4     	Black=2      Inaccurate:     	White=4     	---        OK:         	White=10    	Black=8      Best:        	---       	Black=1      Strong:       	White=1     	---        Brilliant:      	---       	Black=1} 0-1

[Event "81st Georgian Women-ch 2024"]
[Site "Tbilisi"]
[Date "2024.02.11"]
[Round "3.2"]
[White "Khotenashvili, Bella"]
[Black "Mgeladze, Kesaria"]
[Result "1-0"]
[ECO "A26"]
[WhiteElo "2467"]
[BlackElo "2038"]
[Annotator "RC"]
[PlyCount "78"]
[EventDate "2024.02.09"]
[EventCountry "GEO"]
[SourceTitle "playchess.com"]
[Source "ChessBase"]
[SourceQuality "1"]
[TimeControl "5400+30"]

1. g3 g6 2. Bg2 Bg7 3. c4 e5 4. Nc3 Nc6 5. Rb1 a5 6. a3 d6 7. b4 axb4 8. axb4 Nf6 9. d3 O-O 10. Nf3 h6 11. O-O Ne7 12. Bb2 Be6 13. Ra1 Qd7 14. Re1 Nh5 15. Qc2 f5 16. Nd2 c6 17. Rxa8 Rxa8 18. Na4 Rf8 19. c5 d5 20. Nb6 Qc7 21. e4 f4 22. exd5 Nxd5 23. Ndc4 Nxb4 24. Qd2 Nd5 25. Bxe5 Bxe5 26. Rxe5 Nxb6 27. cxb6 Qf7 28. Nd6 Qf6 29. d4 Bd5 30. Ne8 Qf7 31. Nd6 Qf6 32. Ne8 Qf7 33. Bxd5 cxd5 34. Qe2 fxg3 35. hxg3 Qd7 36. Nc7 Nf6 37. Re7 Qf5 38. Qe5 Qb1+ 39. Kg2 Qxb6 1-0